 Dungeon Crawl Stone Soup version 0.17-a0-1900-g45e8110 (webtiles) character file.

2355 ololoev the Cleaver (level 9, 53/82 HPs)
             Began as a Deep Dwarf Fighter on Sept 24, 2015.
             Quit the game on level 9 of the Dungeon.
             The game lasted 00:14:06 (1888 turns).

ololoev the Cleaver (Deep Dwarf Fighter)            Turns: 1888, Time: 00:14:06

Health: 53/82      AC: 10    Str: 21 (24) XL:     9   Next: 20%
Magic:  5/5        EV:  7    Int:  8      God:
Gold:   174        SH:  9    Dex: 12      Spells: 1 memorised, 7 levels left

rFire  . . .     SeeInvis .     a - +0 war axe
rCold  . . .     Clarity  .     b - +0 scale mail
rNeg   . . .     SustAt   .     c - +0 shield
rPois  .         Gourm    .     d - +0 helmet
rElec  .         Spirit   .     (no cloak)
rCorr  .         Warding  .     k - +0 pair of gloves
rMut   .         Stasis   .     (no boots)
MR     +....                    (no amulet)
Stlth  ..........               (no ring)
                                (no ring)

@: non-regenerating, somewhat resistant to hostile enchantments, extremely
unstealthy
A: damage resistance, recharge devices, sense surroundings 2, slow healing 3
a: Device Recharging


Innate Abilities, Weirdness & Mutations

You are resistant to damage.
You can recharge devices by infusing magical energy.
You passively map the area around you.
You do not heal naturally.

Inventory:

Hand weapons
 a - a +0 war axe (weapon)
Armour
 b - a +0 scale mail (worn)
 c - a +0 shield (worn)
 d - a +0 helmet (worn)
 k - a +0 pair of gloves (worn)
Magical devices
 e - a wand of heal wounds (5)
 m - a wand of slowing (8)
 B - a wand of fireball (0)
Scrolls
 h - a scroll of blinking {unknown}
 i - 2 scrolls of remove curse
 j - a scroll of fear {unknown}
 p - a scroll of teleportation
 t - 2 scrolls of enchant weapon
 v - a scroll of recharging
 y - a scroll of immolation {unknown}
 z - a scroll of magic mapping
 A - a scroll of fog {unknown}
Comestibles
 f - 3 bread rations
 g - a slice of pizza
 n - 2 meat rations
 q - 2 beef jerkies
 u - 4 fruits


   Skills:
 + Level 6.1 Fighting
 * Level 9.9 Axes
 + Level 7.6 Armour
 - Level 3.2 Shields


You had 7 spell levels left.
You knew the following spells:

 Your Spells              Type           Power        Failure   Level  Hunger
a - Apportation           Tloc           #.........   100%        1    ##.....


You were on level 9 of the Dungeon.
You were hungry.

You visited 1 branch of the dungeon, and saw 9 of its levels.

You collected 174 gold pieces.

* ,#.....
, ,, + ,
* * ,
.... ,*
,, + ,
*... ,* *
#.# * * *
##.# *
###.<#
#...##
##'######
*,
#†@)....#
,
#.......#
** ,,
#.......#
#.......+
**
#.......#
* ,
#.......#
#.......#
#########

Notes
Turn   | Place    | Note
--------------------------------------------------------------
     0 | D:1      | ololoev the Deep Dwarf Fighter began the quest for the Orb.
     0 | D:1      | Reached XP level 1. HP: 20/20 MP: 1/1
    76 | D:1      | Reached XP level 2. HP: 24/27 MP: 2/2
   115 | D:3      | Noticed Robin
   129 | D:3      | Killed Robin
   129 | D:3      | Reached XP level 3. HP: 21/34 MP: 3/3
   169 | D:4      | Reached skill level 4 in Armour
   177 | D:4      | Reached XP level 4. HP: 24/42 MP: 4/4
   178 | D:4      | Found a stormy altar of Qazlal.
   380 | D:4      | Noticed a necrophage
   388 | D:4      | Killed a necrophage
   388 | D:4      | Reached XP level 5. HP: 19/49 MP: 5/5
   529 | D:4      | Learned a level 1 spell: Apportation
   536 | D:4      | Noticed an ogre
   552 | D:4      | Killed an ogre
   552 | D:4      | Reached skill level 5 in Axes
   552 | D:4      | Reached skill level 5 in Armour
   552 | D:4      | Reached XP level 6. HP: 29/57 MP: 6/6
   613 | D:5      | Entered Level 5 of the Dungeon
   769 | D:5      | Reached skill level 6 in Axes
   769 | D:5      | Reached XP level 7. HP: 34/64 MP: 7/7
   776 | D:4      | Found a white marble altar of Elyvilon.
   776 | D:4      | Found a basalt altar of Yredelemnul.
   807 | D:5      | Found a snail-covered altar of Cheibriados.
   811 | D:5      | Found a sparkling altar of Nemelex Xobeh.
   811 | D:5      | Found a shattered altar of Ashenzari.
   812 | D:5      | Found a glowing golden altar of the Shining One.
  1017 | D:7      | Found a bloodstained altar of Trog.
  1107 | D:6      | Noticed Menkaure
  1117 | D:6      | Killed Menkaure
  1117 | D:6      | Reached skill level 7 in Axes
  1218 | D:7      | Reached skill level 5 in Fighting
  1218 | D:7      | Reached XP level 8. HP: 25/74 MP: 7/7
  1270 | D:7      | Reached skill level 8 in Axes
  1361 | D:7      | Noticed Pikel
  1442 | D:7      | Killed Pikel
  1442 | D:7      | Reached skill level 9 in Axes
  1442 | D:7      | Gained mutation: You passively map the area around you. [Deep Dwarf growth]
  1442 | D:7      | Reached XP level 9. HP: 38/82 MP: 5/5
  1755 | D:7      | Noticed Crazy Yiuf
  1888 | D:9      | Quit the game

Dungeon Overview and Level Annotations

Branches:
Dungeon (9/15)
 Temple: D:4-7         Lair: D:8-11         Orc: D:9-12

Altars:
Ashenzari
Cheibriados
Elyvilon
Nemelex Xobeh
Qazlal
Trog
Yredelemnul
The Shining One

Annotations:
D:7 Crazy Yiuf


Message History

You closely miss the orc wizard.
The orc wizard is heavily wounded.
The orc wizard completely misses you. You block the orc's attack.
The orc hits you but does no damage.
You slice the orc!!
You kill the orc!
You closely miss the orc wizard.
The orc wizard is heavily wounded.
You closely miss the orc.
The orc wizard hits you but does no damage.
You block the orc's attack.
You barely miss the orc wizard.
The orc wizard is heavily wounded.
You hit the orc.
The orc is heavily wounded.
You hit the orc but do no damage. You block the orc wizard's attack.
You block the orc's attack. The orc hits you but does no damage.
The orc wizard mumbles some strange words.
The orc wizard seems to speed up.
You slash the orc wizard!
You kill the orc wizard!
You feel your strength returning.
You slash the orc!
You kill the orc!
You slash the orc!
You kill the orc!
You hit the orc.
The orc is moderately wounded.
The orc hits you but does no damage.
You hit the orc.
The orc is heavily wounded.
You block the orc's attack.
You closely miss the orc.
The orc is heavily wounded.
The orc barely misses you.
You slash the orc!
You kill the orc!
Items here: )) [ †† a club; a dagger; a robe; an orc corpse; an orc corpse Are you sure you want to abandon this character and quit the game? (Confirm with "yes".)

There were no monsters in sight!

Vanquished Creatures
  Pikel (D:7)
  Menkaure (D:6)
  An ice beast (D:7)
  2 necrophages
  3 black bears (D:7)
  3 centaurs
  2 ogres
  An orc warrior (D:7)
  2 giant frogs
  A scorpion (D:5)
  3 orc priests
  A gnoll shaman (D:6)
  2 hounds
  2 orc wizards
  4 worker ants
  A hound skeleton (D:4)
  Robin (D:3)
  4 adders
  A worker ant zombie (D:4)
  8 gnolls (D:6)
  2 shadow imps
  An ooze (D:1)
  2 adder zombies
  17 orcs
  A bat skeleton (D:4)
  4 giant cockroaches
  9 goblins (D:3)
  2 hobgoblins (D:3)
  7 jackals
  A giant gecko skeleton (D:5)
  A giant gecko zombie (D:6)
  2 kobolds
  A quokka skeleton (D:6)
  2 rats
96 creatures vanquished.

Vanquished Creatures (others)
  A water moccasin zombie (D:7)
1 creature vanquished.

Grand Total: 97 creatures vanquished

Action                   |  1- 3 |  4- 6 |  7- 9 || total
-------------------------+-------+-------+-------++-------
Melee: War axe           |    42 |    80 |   211 ||   333
 Abil: Device Recharging |       |       |     4 ||     4
Evoke: Wand              |     1 |     2 |    19 ||    22
  Use: Potion            |     1 |       |     5 ||     6
       Scroll            |       |       |     7 ||     7
  Eat: Chunk             |       |       |     3 ||     3

Vault maps used:
D:1:      saegor_arrival_under_anarchy, minmay_misc_feat_tiny
D:2:      uniq_terence
D:3:      lemuel_coloured_pillars_altar, uniq_grinder, uniq_jessica, uniq_robin
D:4:      kennysheep_vampire_church, overflow_temple_1_default,
          nicolae_overflow_hidden_temple, minmay_temple_entry_poolview,
          first_bread
D:5:      grunt_temple_overflow_open
D:6:      uniq_menkaure
D:7:      trog_ov_bears_minmay, uniq_pikel, uniq_crazy_yiuf_cottage
D:8:      okawaru_ov_weapons_minmay, uniq_psyche
D:9:      serial_shops, kennysheep_little_box, basic_altar, uniq_prince_ribbit1
